 Dungeon Crawl Stone Soup version 0.18-a0-455-gc7d4c65 (webtiles) character file.

211 M4edhros the Charlatan (level 5, 0/33 HPs)
             Began as an Octopode Artificer on Dec 1, 2015.
             Slain by an ogre
             ... wielding a +0 giant club
              (21 damage)
             ... on level 4 of the Dungeon.
             The game lasted 00:03:52 (1290 turns).

M4edhros the Charlatan (Octopode Artificer)         Turns: 1290, Time: 00:03:53

Health: 0/33       AC:  1    Str: 11    XL:     5   Next: 88%
Magic:  8/8        EV: 13    Int: 15    God:
Gold:   97         SH:  0    Dex: 12    Spells: 0 memorised, 4 levels left

rFire  . . .     SeeInvis .     a - +0 short sword
rCold  . . .     Clarity  .     (no shield)
rNeg   . . .     SustAt   .     (helmet restricted)
rPois  .         Gourm    .     (no amulet)
rElec  .         Spirit   .     (no ring)
rCorr  .         Dsmss    .     (no ring)
rMut   .         Stasis   .     (no ring)
MR     .....                    (no ring)
Stlth  ++++......               (no ring)
                                (no ring)
                                (no ring)
                                (no ring)

@: not resistant to hostile enchantments, stealthy
A: almost no armour, amphibious, 8 rings, constrict 8, camouflage 1, gelatinous
body 1
a: no special abilities


You were on level 4 of the Dungeon.
You were very hungry.

You visited 1 branch of the dungeon, and saw 4 of its levels.

You collected 97 gold pieces.

Inventory:

Hand Weapons
 a - a +0 short sword (weapon)
 j - a +2 hunting sling of flaming
 n - a cursed -1 mace
Missiles
 f - 79 stones (quivered)
 g - 8 javelins
 h - 71 sling bullets
Wands
 b - a wand of flame (13)
 c - a wand of enslavement (11)
 d - a wand of random effects (15)
 i - a wand of random effects (18)
Scrolls
 k - a scroll of teleportation
 l - 2 scrolls of noise
 r - a scroll of recharging {unknown}
Potions
 o - a potion of brilliance
 p - a potion of flight {unknown}
 q - a potion of curing {unknown}
Comestibles
 e - a bread ration


   Skills:
 - Level 1.0 Fighting
 - Level 1.0 Short Blades
 * Level 3.1 Slings
 + Level 3.0 Dodging
 + Level 4.1 Stealth
 + Level 4.2 Evocations


You had 4 spell levels left.
You didn't know any spells.

Dungeon Overview and Level Annotations

Branches:
Dungeon (4/15)
 Temple: D:4-7

Altars:
Zin

Shops:
D:4 =(?


Innate Abilities, Weirdness & Mutations

You cannot wear most types of armour.
You are amphibious.
You can wear up to eight rings at the same time.
You can use your tentacles to constrict eight enemies at once.
Your skin changes colour to match your surroundings (Stealth).
Your rubbery body absorbs attacks (AC +1).


Message History

An ogre comes into view. It is wielding a giant club.
Wield which item (- for none, * to show all)? (? for menu, Esc to quit)
Your +2 hunting sling of flaming stops flaming.
a - a +0 short sword (weapon)
The helpless ogre fails to defend itself.
You puncture the ogre! You squeeze the ogre.
The ogre is heavily wounded.
The ogre hits you with a giant club!
Wield which item (- for none, * to show all)? (? for menu, Esc to quit)
Okay, then.
There is an open door here.
You are feeling very hungry.
Evoke which item? (* to show all) (? for menu, Esc to quit)
Zapping:
c - a wand of enslavement (12)
Press: ? - help, Shift-Dir - straight line, f - ogre
Aim: an ogre, wielding a giant club (heavily wounded, chance to defeat MR: 54%)
The ogre resists with significant effort.
This wand has 11 charges left.
The ogre hits you with a giant club!!
Ouch! That really hurt!
You die...

#......(...>...#..(#
#......(.####'##...#
#...(.(..##...##...#
##.....∩...?...'....#
...............#....#
#............<.#....#
+.........##...##...#
##...#######...##O..#
##...# #....@...#
.#..... ######...#
.#.....# ##..#
.#...... ..# #.....##
..# ..#.### ..# ..#


You could see an ogre.

Vanquished Creatures
  An ogre (D:4)
  An iguana (D:4)
  A worker ant (D:4)
  An adder (D:4)
  An ooze (D:1)
  A giant gecko (D:4)
  9 orcs (D:4)
  2 giant cockroaches (D:1)
  8 goblins
  6 hobgoblins
  3 jackals (D:4)
  4 kobolds (D:1)
  A quokka (D:2)
  A bat (D:1)
  A jackal skeleton (D:4)
  A quokka skeleton (D:4)
  2 rats
44 creatures vanquished.

Vanquished Creatures (collateral kills)
  An orc wizard (D:4)
  An iguana (D:4)
  3 orcs (D:4)
5 creatures vanquished.

Grand Total: 49 creatures vanquished

Notes
Turn   | Place    | Note
--------------------------------------------------------------
     0 | D:1      | M4edhros the Octopode Artificer began the quest for the Orb.
     0 | D:1      | Reached XP level 1. HP: 13/13 MP: 3/3
    75 | D:1      | Reached XP level 2. HP: 4/18 MP: 4/4
   487 | D:1      | Reached XP level 3. HP: 23/23 MP: 5/5
   532 | D:1      | Reached skill level 1 in Slings
   924 | D:4      | Found Deig's Magic Scroll Emporium.
  1005 | D:4      | Reached XP level 4. HP: 9/28 MP: 6/6
  1020 | D:4      | Reached skill level 4 in Evocations
  1094 | D:4      | Found a glowing silver altar of Zin.
  1163 | D:4      | Reached XP level 5. HP: 31/33 MP: 8/8
  1208 | D:4      | Found Sagol's Jewellery Boutique.
  1247 | D:4      | Found Zeoquor's Antique Weapon Shoppe.
  1252 | D:4      | Noticed an ogre
  1257 | D:4      | Killed an ogre
  1274 | D:4      | Noticed an ogre
  1290 | D:4      | Slain by an ogre

Vault maps used:
D:1:      dpeg_arrival_rooms_b
D:2:      nicolae_overflow_hidden_temple, first_bread, minivault_11,
          minmay_misc_feat_secret_circle
D:3:      corexii_shack_village, ashenzari_altar_1, serial_co_window_serial,
          co_window_paths_a, co_window_paths_a, co_window_corner_a,
          co_window_paths_a, co_window_paths_b, co_window_2corner,
          co_window_corner_b, co_window_corner_b, co_window_4corner_b,
          co_window_paths_d, glass_columns_a
D:4:      corexii_shantytown, lemuel_round_altar, kennysheep_mini,
          lemuel_zombie_altar_yredelemnul, gup_sewer_entry_spiral, serial_shops,
          shop, shop, shop_scrolls, nicolae_shop_stone, shop

Action                   |  1- 3 |  4- 6 || total
-------------------------+-------+-------++-------
Melee: Short sword       |     9 |     1 ||    10
       Hunting sling     |       |     2 ||     2
 Fire: Hunting sling     |    63 |    28 ||    91
Evoke: Wand              |     5 |     1 ||     6
  Use: Scroll            |     3 |       ||     3
       Potion            |       |     2 ||     2
 Stab: Sleeping          |     1 |     1 ||     2
